TOP OF THE 1ST |
El Dorado Oilers batting - Pitching for Orlando Calrissian : RHP Reagan Wear
|
Pitching: RHP Reagan Wear
|
|
Batting: SHB Theron Harper
|
0-0: SINGLE (Flyball, 8LS)
|
Batting: LHB Ashley Pickhills
|
0-0: Ball Theron Harper is caught stealing 2nd base 1-0: Called Strike 1-1: Ball 2-1: Foul Ball, location: 2F 2-2: Ground out 1-3 (Groundball, 13)
|
Batting: LHB José Hernández
|
0-0: Ball 1-0: Foul Ball, location: 2F 1-1: Swinging Strike 1-2: Foul Ball, location: 2F 1-2: Foul Ball, location: 2F 1-2: Strikes out swinging
|
Top of the 1st over - 0 run(s), 1 hit(s), 0 error(s), 0 left on base; El Dorado 0 - Orlando 0 |
BOTTOM OF THE 1ST |
Orlando Calrissian batting - Pitching for El Dorado Oilers : RHP Francisco Ríos
|
Pitching: RHP Francisco Ríos
|
|
Batting: RHB Jesús Gonzáles
|
0-0: Ball 1-0: Foul Ball, location: 2F 1-1: Ground out U3 (Groundball, 34S)
|
Batting: RHB Raúl Canó
|
0-0: Called Strike 0-1: Ball 1-1: Ball 2-1: Ball 3-1: Fly out, F9 (Flyball, 9LS)
|
Batting: RHB Rich Anderson
|
0-0: Foul Ball, location: 2F 0-1: Ball 1-1: Foul Ball, location: 2F 1-2: Ball 2-2: Foul Ball, location: 2F 2-2: Foul Ball, location: 2F 2-2: Foul Ball, location: 2F 2-2: Strikes out looking
|
Bottom of the 1st over - 0 run(s), 0 hit(s), 0 error(s), 0 left on base; El Dorado 0 - Orlando 0 |
TOP OF THE 2ND |
El Dorado Oilers batting - Pitching for Orlando Calrissian : RHP Reagan Wear
|
Batting: LHB Tony Abete
|
0-0: Swinging Strike 0-1: Foul Ball, location: 2F 0-2: Foul Ball, location: 2F 0-2: Ball 1-2: Strikes out swinging
|
Batting: RHB Valentín Borges
|
0-0: Ball 1-0: Called Strike 1-1: Ball 2-1: Fly out, F7 (Flyball, 7D)
|
Batting: LHB Al Gaines
|
0-0: Foul Ball, location: 2F 0-1: Ground out 4-3 (Groundball, 4S)
|
Top of the 2nd over - 0 run(s), 0 hit(s), 0 error(s), 0 left on base; El Dorado 0 - Orlando 0 |
BOTTOM OF THE 2ND |
Orlando Calrissian batting - Pitching for El Dorado Oilers : RHP Francisco Ríos
|
Batting: SHB Tim Abbott
|
0-0: Ground out 6-3 (Groundball, 6)
|
Batting: LHB Santiago Márquez
|
0-0: Called Strike 0-1: Ball 1-1: Ball 2-1: Ball 3-1: Called Strike 3-2: Strikes out swinging
|
Batting: RHB Frederico Hernández
|
0-0: Called Strike 0-1: Ball 1-1: Ground out 6-3 (Groundball, 56)
|
Bottom of the 2nd over - 0 run(s), 0 hit(s), 0 error(s), 0 left on base; El Dorado 0 - Orlando 0 |
TOP OF THE 3RD |
El Dorado Oilers batting - Pitching for Orlando Calrissian : RHP Reagan Wear
|
Batting: RHB Sixto Vélez
|
0-0: Ball 1-0: Called Strike 1-1: Fly out, F5 (Line Drive, 5)
|
Batting: LHB José Martínez
|
0-0: Called Strike 0-1: Foul Ball, location: 2F 0-2: Ground out 3-1 (Groundball, 34)
|
Batting: RHB José Carlos Caraballo
|
0-0: Ground out 4-3 (Groundball, 4)
|
Top of the 3rd over - 0 run(s), 0 hit(s), 0 error(s), 0 left on base; El Dorado 0 - Orlando 0 |
BOTTOM OF THE 3RD |
Orlando Calrissian batting - Pitching for El Dorado Oilers : RHP Francisco Ríos
|
Batting: RHB Júlio Negrón
|
0-0: Called Strike 0-1: Called Strike 0-2: Foul Ball, location: 2F 0-2: Ball 1-2: Ball 2-2: Strikes out swinging
|
Batting: SHB Brian Price
|
0-0: Called Strike 0-1: Ball 1-1: Foul Ball, location: 2F 1-2: SINGLE (Line Drive, 34)
|
Batting: RHB José Pérez
|
0-0: Ball 1-0: Ball 2-0: SINGLE (Line Drive, 56D) Brian Price to second
|
Batting: RHB Jesús Gonzáles
|
0-0: SINGLE (Groundball, 4MS) (infield hit) Brian Price to third José Pérez to second
|
Batting: RHB Raúl Canó
|
0-0: Ground out 5-3 (Groundball, 56S) Brian Price scores José Pérez to third Jesús Gonzáles to second
|
Batting: RHB Rich Anderson
|
0-0: Ball 1-0: Ball 2-0: Called Strike 2-1: Ground out 4-3 (Groundball, 4)
|
Bottom of the 3rd over - 1 run(s), 3 hit(s), 0 error(s), 2 left on base; El Dorado 0 - Orlando 1 |
TOP OF THE 4TH |
El Dorado Oilers batting - Pitching for Orlando Calrissian : RHP Reagan Wear
|
Batting: SHB Theron Harper
|
0-0: Called Strike 0-1: Ball 1-1: Foul Ball, location: 2F 1-2: DOUBLE (Line Drive, 78M)
|
Batting: LHB Ashley Pickhills
|
0-0: Ball 1-0: Foul Ball, location: 2F 1-1: Ball 2-1: Ball 3-1: Base on Balls
|
Batting: LHB José Hernández
|
0-0: Called Strike 0-1: Ball 1-1: Foul Ball, location: 2F 1-2: Ball 2-2: Foul Ball, location: 2F 2-2: DOUBLE (Flyball, 7D) Theron Harper scores Ashley Pickhills to third
|
Batting: LHB Tony Abete
|
0-0: Foul Ball, location: 2F 0-1: Called Strike 0-2: Foul Ball, location: 2F 0-2: Ball 1-2: Ball 2-2: Strikes out looking
|
Batting: RHB Valentín Borges
|
0-0: Foul Ball, location: 2F 0-1: Ball 1-1: Ball 2-1: Ball 3-1: Called Strike 3-2: SINGLE (Groundball, 56D) Ashley Pickhills scores José Hernández to third
|
Batting: LHB Al Gaines
|
0-0: Called Strike 0-1: Called Strike 0-2: Strikes out swinging
|
Batting: RHB Sixto Vélez
|
0-0: Ball 1-0: Foul Ball, location: 2F 1-1: Foul Ball, location: 2F 1-2: Ball 2-2: Foul Ball, location: 2F 2-2: Ball Wild Pitch! José Hernández scores Valentín Borges to second 3-2: Fly out, F7 (Flyball, 78S)
|
Top of the 4th over - 3 run(s), 3 hit(s), 0 error(s), 1 left on base; El Dorado 3 - Orlando 1 |
BOTTOM OF THE 4TH |
Orlando Calrissian batting - Pitching for El Dorado Oilers : RHP Francisco Ríos
|
Batting: SHB Tim Abbott
|
0-0: Ball 1-0: Ball 2-0: Fly out, F8 (Flyball, 8LS)
|
Batting: LHB Santiago Márquez
|
0-0: Called Strike 0-1: Ball 1-1: Ball 2-1: Foul Ball, location: 2F 2-2: Foul Ball, location: 2F 2-2: DOUBLE (Line Drive, 8LD)
|
Batting: RHB Frederico Hernández
|
0-0: Foul Ball, location: 2F 0-1: Ball 1-1: Foul Ball, location: 2F 1-2: Foul Ball, location: 2F 1-2: SINGLE (Line Drive, 56D) Santiago Márquez to third Runner from 3rd tries for Home, SAFE, throw made home Frederico Hernández to second
|
Batting: RHB Júlio Negrón
|
0-0: Foul Ball, location: 2F 0-1: Ball 1-1: Foul Ball, location: 2F 1-2: Strikes out swinging
|
Batting: SHB Brian Price
|
0-0: Foul Ball, location: 2F 0-1: Ball 1-1: Swinging Strike 1-2: Foul Ball, location: 2F 1-2: Ball 2-2: Strikes out swinging
|
Bottom of the 4th over - 1 run(s), 2 hit(s), 0 error(s), 1 left on base; El Dorado 3 - Orlando 2 |
TOP OF THE 5TH |
El Dorado Oilers batting - Pitching for Orlando Calrissian : RHP Reagan Wear
|
Batting: LHB José Martínez
|
0-0: Ball 1-0: Foul Ball, location: 2F 1-1: Foul Ball, location: 2F 1-2: Strikes out swinging
|
Batting: RHB José Carlos Caraballo
|
0-0: Ball 1-0: Fly out, F8 (Flyball, 8RD)
|
Batting: SHB Theron Harper
|
0-0: Ball 1-0: Swinging Strike 1-1: Foul Ball, location: 2F 1-2: Ball 2-2: SINGLE (Groundball, 4S) (infield hit)
|
Batting: LHB Ashley Pickhills
|
0-0: Ball 1-0: Fielders Choice at 2nd, 4-6 (Groundball, 34)
|
Top of the 5th over - 0 run(s), 1 hit(s), 0 error(s), 0 left on base; El Dorado 3 - Orlando 2 |
BOTTOM OF THE 5TH |
Orlando Calrissian batting - Pitching for El Dorado Oilers : RHP Francisco Ríos
|
Batting: RHB José Pérez
|
0-0: Ball 1-0: Ground out 6-3 (Groundball, 6S)
|
Batting: RHB Jesús Gonzáles
|
0-0: Ball 1-0: Called Strike 1-1: Ball 2-1: Foul Ball, location: 2F 2-2: SINGLE (Groundball, 4MD)
|
Batting: RHB Raúl Canó
|
0-0: Fly out, F9 (Flyball, 89M)
|
Batting: RHB Rich Anderson
|
0-0: Called Strike 0-1: Swinging Strike 0-2: Strikes out swinging
|
Bottom of the 5th over - 0 run(s), 1 hit(s), 0 error(s), 1 left on base; El Dorado 3 - Orlando 2 |
TOP OF THE 6TH |
El Dorado Oilers batting - Pitching for Orlando Calrissian : RHP Reagan Wear
|
Batting: LHB José Hernández
|
0-0: Foul Ball, location: 2F 0-1: Fly out, F9 (Flyball, 9D)
|
Batting: LHB Tony Abete
|
0-0: Ball 1-0: Ball 2-0: Foul Ball, location: 2F 2-1: Called Strike 2-2: Strikes out looking
|
Batting: RHB Valentín Borges
|
0-0: Ball 1-0: Ball 2-0: Foul Ball, location: 2F 2-1: Foul Ball, location: 2F 2-2: Strikes out swinging
|
Top of the 6th over - 0 run(s), 0 hit(s), 0 error(s), 0 left on base; El Dorado 3 - Orlando 2 |
BOTTOM OF THE 6TH |
Orlando Calrissian batting - Pitching for El Dorado Oilers : RHP Francisco Ríos
|
Batting: SHB Tim Abbott
|
0-0: Ball 1-0: Swinging Strike 1-1: Fly out, F8 (Flyball, 89M)
|
Batting: LHB Santiago Márquez
|
0-0: Ball 1-0: SINGLE (Groundball, 3D)
|
Batting: RHB Frederico Hernández
|
0-0: Swinging Strike 0-1: Foul Ball, location: 2F 0-2: Ball 1-2: Ball 2-2: Foul Ball, location: 2F 2-2: SINGLE (Groundball, 56D) Santiago Márquez to second
|
Pitching: RHP Mitch Brown
|
|
Batting: RHB Júlio Negrón
|
0-0: Foul Ball, location: 2F 0-1: Fly out, F9 (Flyball, 9S)
|
Batting: SHB Brian Price
|
0-0: Foul Ball, location: 2F 0-1: Ball 1-1: Ball 2-1: Ball 3-1: Foul Ball, location: 2F 3-2: Foul Ball, location: 2F 3-2: Fly out, F8 (Flyball, 8LM)
|
Bottom of the 6th over - 0 run(s), 2 hit(s), 0 error(s), 2 left on base; El Dorado 3 - Orlando 2 |
TOP OF THE 7TH |
El Dorado Oilers batting - Pitching for Orlando Calrissian : RHP Reagan Wear
|
Batting: LHB Al Gaines
|
0-0: Called Strike 0-1: Ground out 1-3 (Groundball, 15S)
|
Batting: RHB Sixto Vélez
|
0-0: Called Strike 0-1: Ball 1-1: Ground out 6-3 (Groundball, 6S)
|
Batting: LHB José Martínez
|
0-0: Ball 1-0: Called Strike 1-1: Ball 2-1: Foul Ball, location: 2F 2-2: Foul Ball, location: 2F 2-2: Strikes out swinging
|
Top of the 7th over - 0 run(s), 0 hit(s), 0 error(s), 0 left on base; El Dorado 3 - Orlando 2 |
BOTTOM OF THE 7TH |
Orlando Calrissian batting - Pitching for El Dorado Oilers : RHP Mitch Brown
|
Batting: RHB José Pérez
|
0-0: Called Strike 0-1: Ball 1-1: Foul Ball, location: 2F 1-2: Ball 2-2: Ground out 6-3 (Groundball, 6)
|
Batting: RHB Jesús Gonzáles
|
0-0: Swinging Strike 0-1: Ball 1-1: Foul Ball, location: 2F 1-2: SINGLE (Groundball, 15S) (infield hit)
|
Batting: RHB Raúl Canó
|
0-0: Ball 1-0: Called Strike 1-1: Ball 2-1: Ball 3-1: Foul Ball, location: 2F 3-2: Base on Balls Jesús Gonzáles to second
|
Batting: RHB Rich Anderson
|
0-0: Ball 1-0: Ball 2-0: Ball 3-0: Called Strike 3-1: Base on Balls Jesús Gonzáles to third Raúl Canó to second
|
Batting: SHB Tim Abbott
|
0-0: Ball 1-0: Foul Ball, location: 2F 1-1: Swinging Strike 1-2: SINGLE (Line Drive, 78S) Jesús Gonzáles scores Raúl Canó to third Rich Anderson to second Runner from 3rd tries for Home, SAFE, no throw
|
Pitching: RHP César López
|
|
Batting: LHB Santiago Márquez
|
0-0: Ball 1-0: Ball 2-0: Ball 3-0: Base on Balls Rich Anderson to third Tim Abbott to second
|
Batting: RHB Frederico Hernández
|
0-0: Foul Ball, location: 2F 0-1: Called Strike 0-2: Ball 1-2: Foul Ball, location: 2F 1-2: Ball 2-2: Ball 3-2: Fly out, F7 (Flyball, 7D) Runner from 3rd tags up, SCORES, no throw Tim Abbott to third
|
Pinch Hitting: LHB Danny Allen
|
0-0: Swinging Strike 0-1: Fielders Choice at 2nd, 4-6 (Groundball, 4)
|
Bottom of the 7th over - 3 run(s), 2 hit(s), 0 error(s), 1 left on base; El Dorado 3 - Orlando 5 |
TOP OF THE 8TH |
El Dorado Oilers batting - Pitching for Orlando Calrissian : RHP Reagan Wear
|
Now at 2B: Jaime Montés
|
|
Batting: RHB José Carlos Caraballo
|
0-0: Called Strike 0-1: Fly out, F9 (Flyball, 9LMF)
|
Batting: SHB Theron Harper
|
0-0: Fly out, F9 (Flyball, 89S)
|
Batting: LHB Ashley Pickhills
|
0-0: Ball 1-0: Called Strike 1-1: Foul Ball, location: 2F 1-2: Foul Ball, location: 2F 1-2: Ball 2-2: Ground out 6-3 (Groundball, 6)
|
Top of the 8th over - 0 run(s), 0 hit(s), 0 error(s), 0 left on base; El Dorado 3 - Orlando 5 |
BOTTOM OF THE 8TH |
Orlando Calrissian batting - Pitching for El Dorado Oilers : RHP César López
|
Batting: SHB Brian Price
|
0-0: Ball 1-0: Ball 2-0: Ball 3-0: Called Strike 3-1: Base on Balls
|
Batting: RHB José Pérez
|
0-0: Sac Bunt - play at first, batter OUT! 5-3 Brian Price to second
|
Batting: RHB Jesús Gonzáles
|
0-0: Ball 1-0: Called Strike 1-1: Ball 2-1: Ground out 4-3 (Groundball, 34) Brian Price to third
|
Batting: RHB Raúl Canó
|
0-0: Swinging Strike 0-1: Foul Ball, location: 2F 0-2: Foul Ball, location: 2F 0-2: Strikes out looking
|
Bottom of the 8th over - 0 run(s), 0 hit(s), 0 error(s), 1 left on base; El Dorado 3 - Orlando 5 |
TOP OF THE 9TH |
El Dorado Oilers batting - Pitching for Orlando Calrissian : RHP Reagan Wear
|
Pitching: LHP Xavier Velázquez
|
|
Batting: LHB José Hernández
|
0-0: Ball 1-0: SINGLE (Line Drive, 6MD)
|
Batting: LHB Tony Abete
|
0-0: Foul Ball, location: 2F 0-1: Ball 1-1: Swinging Strike 1-2: Ball 2-2: Strikes out looking
|
Batting: RHB Valentín Borges
|
0-0: Ball 1-0: Foul Ball, location: 2F 1-1: Called Strike 1-2: Strikes out looking
|
Pinch Hitting: RHB Chris Parker
|
0-0: Ball 1-0: Called Strike 1-1: Foul Ball, location: 2F 1-2: Ball 2-2: Fly out, F4 (Flyball, 4MD)
|
Top of the 9th over - 0 run(s), 1 hit(s), 0 error(s), 1 left on base; El Dorado 3 - Orlando 5 |
|